 Dungeon Sprint DCSS version 0.27.1-33-g824d729ab1 (webtiles) character file.

Game seed: 17911983402783871583

1230 Hipnos the Carver (level 8, -2/43 (79) HPs)
             Began as a Red Draconian Berserker on Nov 30, 2021.
             Was an Elder of Trog.
             Asphyxiated
             ... in the Dungeon (Sprint I: "Red Sonja").
             The game lasted 00:03:23 (598 turns).

Hipnos the Carver (Red Draconian Berserker)          Turns: 598, Time: 00:03:23

HP:   -2/43 (79)    AC:  6    Str: 22    XL:     8   Next: 24%
MP:   8/8           EV: 14    Int:  8    God:    Trog [****..]
Gold: 421           SH:  0    Dex: 10    Spells: 7/7 levels left

rFire    + . .     SeeInvis .   a - +0 falchion
rCold    . . .     Faith    .   (no shield)
rNeg     . . .     Spirit   .   (armour unavailable)
rPois    .         Reflect  .   (helmet restricted)
rElec    .         Harm     .   (no cloak)
rCorr    .         Rampage  .   (no gloves)
Will     ++...     NoTele   +   (no boots)
Stlth    +.........             (no amulet)
HPRegen  1.14/turn              (no ring)
MPRegen  0.11/turn              (no ring)

@: lethally poisoned (-2 -> -15), strong-willed, on berserk cooldown,
regenerating, slowed, very heavily drained, very slow
A: breathe fire, AC +6, unfitting armour, fire resistance 1, cold-blooded
a: Breathe Fire, Renounce Religion, Berserk, Trog's Hand, Brothers in Arms


You were in the Dungeon.
You worshipped Trog.
Trog was greatly pleased with you.
You visited 1 branch You collected 421 gold pieces.

Inventory:

Hand Weapons
 a - a +0 falchion (weapon)
Scrolls
 g - a scroll of blinking
Potions
 b - a potion of curing
 d - a potion of haste
 e - 2 potions of magic
 f - a potion of berserk rage


   Skills:
 + Level 9.8 Fighting
 * Level 14.3 Long Blades
 + Level 7.0 Dodging


You had 7 spell levels left.
You didn't know any spells.
Your spell library was empty.

Dungeon Overview and Level Annotations

Branches:
Dungeon (1/1)

Altars:
Cheibriados
Dithmenos
Elyvilon
Fedhas
Gozag
Hepliaklqana
Kikubaaqudgha
Makhleb
Nemelex Xobeh
Okawaru
Qazlal
Ru
Sif Muna
Trog
Uskayaw
Vehumet
Wu Jian
Xom
Yredelemnul
Zin
The Shining One
Jiyva
Lugonu

Shops:
D (

Annotations:
D Sonja


Innate Abilities, Weirdness & Mutations

You can breathe blasts of fire.
Your fiery red scales are hard. (AC +6)
You cannot fit into any form of body armour.
Your flesh is heat resistant. (rF+)
You are cold-blooded and may be slowed by cold attacks.


Message History

Sonja completely misses you.
You fail to use your ability.
You feel sick.
Sonja hits you with a +0 short sword of draining.
You feel drained.
Sonja hits you with a +0 short sword of draining.
You feel drained.
Sonja hits you with a +0 short sword of draining.
* * * LOW HITPOINT WARNING * * *
You feel drained.
* * * LOW HITPOINT WARNING * * *
Sonja hits you with a +0 short sword of draining.
* * * LOW HITPOINT WARNING * * *
You feel drained.
* * * LOW HITPOINT WARNING * * *
Sonja closely misses you. Sonja barely misses you.
You feel much better.
You feel sick. Sonja barely misses you.
Sonja hits you with a +0 short sword of draining.
You feel drained. Sonja closely misses you.
Sonja hits you with a +0 short sword of draining.
You feel drained.
Sonja hits you with a +0 short sword of draining!
* * * LOW HITPOINT WARNING * * *
You feel drained.
* * * LOW HITPOINT WARNING * * *
Sonja hits you with a +0 short sword of draining.
* * * LOW HITPOINT WARNING * * *
You feel drained.
You barely miss Sonja.
You feel sick.
You are no longer poisoned.
Sonja mumbles some strange words.
Sonja blinks!
Sonja throws a curare-tipped dart.
The curare-tipped dart hits you.
You are poisoned.
You have difficulty breathing.
* * * LOW HITPOINT WARNING * * *
You feel as though you will be slow longer.
Sonja throws a curare-tipped dart.
The curare-tipped dart hits you.
You are lethally poisoned!
You have difficulty breathing.
You die...

#######################
#<.#..)..#.)'..#__#..))
#..').#..'..#..'..'..#.
#..#####'#####'#__####.
#..####..#...#.#### ##
#..#__####..##(#
#..#_____##'#_.+
#⌠⌠#_.∩..÷'..._#
####K.@_§##_.#'#
#_____###'#)# #######
#.### $.$ $.$# ##.##
#+#


You could see Sonja.

Vanquished Creatures
  2 kobold demonologists (D)
  A slime creature (D)
  Sigmund (D)
  A yak (D)
  A floating eye (D)
  An ogre (D)
  A jelly (D)
  Ijyb (D)
9 creatures vanquished.

Notes
Turn   | Place    | Note
-------+----------+-------------------------------------------
     0 | D        | Hipnos the Draconian Berserker began the quest for the Orb.
     0 | D        | Reached XP level 1. HP: 19/19 MP: 1/1
     1 | D        | Noticed Ijyb
    11 | D        | Killed Ijyb
    12 | D        | Reached skill level 5 in Long Blades
    12 | D        | Reached XP level 2. HP: 21/28 MP: 2/2
   149 | D        | Noticed an ogre
   153 | D        | Killed an ogre
   154 | D        | Reached skill level 5 in Fighting
   154 | D        | Reached skill level 7 in Long Blades
   154 | D        | Reached XP level 3. HP: 31/37 MP: 3/3
   154 | D        | Reached XP level 4. HP: 37/44 MP: 4/4
   280 | D        | Noticed Sigmund
   290 | D        | Killed Sigmund
   290 | D        | Reached ** piety under Trog
   291 | D        | Reached skill level 10 in Long Blades
   291 | D        | Reached skill level 5 in Dodging
   291 | D        | Reached XP level 5. HP: 52/52 MP: 5/5
   318 | D        | Found an ornate altar of the Wu Jian Council.
   318 | D        | Found a shimmering blue altar of Sif Muna.
   320 | D        | Found a radiant altar of Vehumet.
   326 | D        | Reached XP level 6. HP: 46/60 MP: 6/6
   395 | D        | Found Ycvilug's Weapon Emporium.
   395 | D        | Found an ancient bone altar of Kikubaaqudgha.
   395 | D        | Found a hazy altar of Hepliaklqana.
   395 | D        | Found a stormy altar of Qazlal.
   395 | D        | Found a hide-covered altar of Uskayaw.
   395 | D        | Found a blossoming altar of Fedhas.
   395 | D        | Found a bloodstained altar of Trog.
   395 | D        | Found an iron altar of Okawaru.
   395 | D        | Found a basalt altar of Yredelemnul.
   395 | D        | Found a glowing golden altar of the Shining One.
   395 | D        | Found a snail-covered altar of Cheibriados.
   395 | D        | Found a sacrificial altar of Ru.
   395 | D        | Found a glowing silver altar of Zin.
   395 | D        | Found a shadowy altar of Dithmenos.
   395 | D        | Found a white marble altar of Elyvilon.
   395 | D        | Noticed a yak
   396 | D        | Found an opulent altar of Gozag.
   401 | D        | Killed a yak
   402 | D        | Reached skill level 11 in Long Blades
   402 | D        | Found a sparkling altar of Nemelex Xobeh.
   460 | D        | Found a burning altar of Makhleb.
   460 | D        | Found a viscous altar of Jiyva.
   460 | D        | Found a shimmering altar of Xom.
   460 | D        | Found a corrupted altar of Lugonu.
   460 | D        | Noticed a slime creature
   466 | D        | Killed a slime creature
   466 | D        | Reached *** piety under Trog
   467 | D        | Reached skill level 12 in Long Blades
   467 | D        | Your scales start taking on a fiery red colour.
   467 | D        | Reached XP level 7. HP: 69/69 MP: 7/7
   467 | D        | Gained mutation: Your flesh is heat resistant. (rF+) [Red
                  | Draconian growth]
   531 | D        | Noticed a kobold demonologist
   532 | D        | Noticed a kobold demonologist
   533 | D        | Paralysed by a floating eye for 2 turns
   535 | D        | Noticed a hellwing
   539 | D        | Noticed a rust devil
   539 | D        | Noticed a sixfirhy
   541 | D        | Killed a kobold demonologist
   542 | D        | Reached skill level 13 in Long Blades
   543 | D        | Killed a kobold demonologist
   543 | D        | Reached **** piety under Trog
   544 | D        | Reached skill level 14 in Long Blades
   544 | D        | Reached XP level 8. HP: 79/79 MP: 8/8
   580 | D        | Noticed Sonja
   598 | D        | Asphyxiated

Illustrated notes

Levels and vault maps discovered:
D:        dungeon_sprint_1 [red_sonja_temple_1, red_sonja_temple_small_1]

Skill      XL: |  1  2  3  4  5  6  7 |
---------------+----------------------+-----
Fighting       | 4 5 7 8 9 |  9.8
Long Blades    | 5 7 10 12 14 | 14.3
Dodging        | 3 4 5 6 7 |  7.0

Action                   |  1- 3 |  4- 6 |  7- 9 || total
-------------------------+-------+-------+-------++-------
Melee: Falchion          |    11 |    20 |    12 ||    43
       Tailslap          |     1 |     1 |     1 ||     3
Invok: Berserk           |     2 |     3 |     2 ||     7
       Trog's Hand       |       |       |     2 ||     2
 Abil: Breathe Fire      |       |       |     2 ||     2
  Use: Potion            |       |       |     1 ||     1
Armor: Skin              |     1 |     3 |     6 ||    10
Dodge: Dodged            |     5 |     6 |    16 ||    27
       Rpst.: Falchion   |     3 |     3 |     2 ||     8
